 Dungeon Crawl Stone Soup version 0.26-a0-572-g753d7e3450 (webtiles) character file.

Game seed: 7416778543997256291

1003 Eifo4Ohj9gu9Dob0ohLe the Cutter (level 8, -10/103 HPs)
             Began as a Black Draconian Berserker on Aug 21, 2020.
             Was a Priest of Trog.
             Mangled by a troll (12 damage)
             ... on level 5 of the Dungeon.
             The game lasted 00:23:32 (4097 turns).

Eifo4Ohj9gu9Dob0ohLe the Cutter (DrBe)              Turns: 4097, Time: 00:23:32

Health: -10/103    AC:  7    Str: 23    XL:     8   Next: 0%
Magic:  8/8        EV: 11    Int:  7    God:    Trog [***...]
Gold:   265        SH:  0    Dex: 10    Spells: 7/7 levels left

rFire    . . .     SeeInvis .   a - +0 short sword
rCold    . . .     Faith    .   (no shield)
rNeg     . . .     Spirit   .   (armour unavailable)
rPois    .         Reflect  .   (helmet restricted)
rElec    +         Harm     .   i - +0 cloak
rCorr    .                      (no gloves)
MR       .....                  (no boots)
Stlth    ..........             e - amulet of the acrobat
HPRegen  0.27/turn              (no ring)
MPRegen  0.11/turn              (no ring)

@: berserking (expiring), constricted, very quick
A: breathe lightning, unfitting armour, electricity resistance, cold-blooded, AC
+6
a: Breathe Lightning, Berserk, Trog's Hand, Renounce Religion


You were on level 5 of the Dungeon.
You worshipped Trog.
Trog was most pleased with you.
You visited 1 branch of the dungeon, and saw 5 of its levels.

You collected 265 gold pieces.

Inventory:

Hand Weapons
 a - a +0 short sword (weapon)
 g - a +0 long sword
 h - a +2 quarterstaff of chaos
 m - a +4 dagger of freezing
 p - a +2 vampiric spear
 t - a +0 rapier
Missiles
 u - a throwing net (quivered)
Armour
 i - a +0 cloak (worn)
 r - a scarf of shadows
Jewellery
 e - an amulet of the acrobat (around neck)
 q - a +4 ring of slaying {unknown}
Wands
 j - a wand of iceblast (9)
Scrolls
 b - a scroll of fear {unknown}
 c - 4 scrolls of identify
 d - a scroll of random uselessness {unknown}
 f - a scroll of enchant weapon {unknown}
 l - 5 scrolls of remove curse {unknown}
 o - a scroll of immolation {unknown}
 s - 2 scrolls of teleportation {unknown}
 v - a scroll of blinking {unknown}
Potions
 k - a potion of curing
 n - a potion of cancellation


   Skills:
 + Level 5.5 Fighting
 + Level 6.2 Short Blades
 + Level 5.8 Dodging
 + Level 2.1 Stealth


You had 7 spell levels left.
You didn't know any spells.
Your spell library was empty.

Dungeon Overview and Level Annotations

Branches:
Dungeon (5/15)
 Temple: D:4-7

Altars:
Elyvilon
Fedhas
Kikubaaqudgha
Nemelex Xobeh
Uskayaw
Vehumet
Wu Jian
Yredelemnul


Innate Abilities, Weirdness & Mutations

You can breathe wild blasts of lightning.
Your glossy black scales are hard. (AC +6)
You cannot fit into any form of body armour.
You are resistant to electric shocks. (rElec)
You are cold-blooded and may be slowed by cold attacks.


Message History

The troll is severely wounded.
The ball python skeleton barely misses you.
* * * LOW HITPOINT WARNING * * *
The ball python skeleton constricts you.
You closely miss the troll.
The troll is severely wounded.
The troll bites you!
* * * LOW HITPOINT WARNING * * *
The troll closely misses you. The troll claws you!
* * * LOW HITPOINT WARNING * * *
You barely miss the troll.
The troll is severely wounded.
The ball python skeleton bites you but does no damage.
The ball python skeleton constricts you.
You are too berserk!
You hit the troll.
The troll is almost dead.
The troll bites you but does no damage. The troll barely misses you.
The troll claws you!
You die...

..# .. ..
#.########.
#..T@Z.#..
#.####.#.# #
###.#.##.#
#........# #
#.#.#.##.##.##
#Z#.#......... .
..#.......# #
.######.#....#.#
#. #.#.#.....


You could see a troll and a ball python skeleton.

Vanquished Creatures
  The ghost of rasy the Archer, a novice MiHu (D:3)
  Duvessa (D:4)
  A phantom (D:4)
  Dowan (D:4)
  A howler monkey (D:4)
  A jelly (D:3)
  4 orc priests (D:4)
  An orc wizard (D:4)
  Crazy Yiuf (D:2)
  A hound skeleton (D:5)
  Robin (D:2)
  8 adders
  3 gnolls (D:3)
  An ooze (D:3)
  A worm (D:3)
  A dart slug (D:1)
  A leopard gecko (D:3)
  6 orcs
  4 ball pythons (D:1)
  8 bats
  5 giant cockroaches
  14 goblins
  9 hobgoblins
  15 jackals
  A quokka (D:3)
  6 frilled lizards
  8 kobolds
  A quokka skeleton (D:4)
  4 rats
110 creatures vanquished.

Notes
Turn   | Place    | Note
-------+----------+-------------------------------------------
     0 | D:1      | Eifo4Ohj9gu9Dob0ohLe the Draconian Berserker began the
                  | quest for the Orb.
     0 | D:1      | Reached XP level 1. HP: 19/19 MP: 1/1
   249 | D:1      | Reached XP level 2. HP: 23/26 MP: 2/2
   824 | D:2      | Reached XP level 3. HP: 33/33 MP: 3/3
  1255 | D:2      | Found a runed translucent door.
  1256 | D:2      | Noticed Crazy Yiuf
  1265 | D:2      | Killed Crazy Yiuf
  1265 | D:2      | Reached XP level 4. HP: 40/40 MP: 4/4
  1340 | D:2      | Reached ** piety under Trog
  1661 | D:2      | Noticed Robin
  1672 | D:2      | Killed Robin
  1672 | D:2      | Reached skill level 1 in Stealth
  1818 | D:3      | Reached skill level 4 in Short Blades
  1854 | D:3      | Reached XP level 5. HP: 32/46 MP: 5/5
  2153 | D:3      | Found a blossoming altar of Fedhas.
  2161 | D:3      | Found a hide-covered altar of Uskayaw.
  2165 | D:3      | Found an ancient bone altar of Kikubaaqudgha.
  2217 | D:3      | Found a transporter.
  2330 | D:3      | Found a transporter.
  2331 | D:3      | Noticed rasy's ghost (novice MiHu)
  2439 | D:3      | Reached *** piety under Trog
  2455 | D:3      | Killed rasy's ghost
  2455 | D:3      | Reached skill level 5 in Short Blades
  2455 | D:3      | Reached XP level 6. HP: 52/55 MP: 6/6
  2455 | D:3      | Your scales start taking on a glossy black colour.
  2455 | D:3      | Reached XP level 7. HP: 57/60 MP: 7/7
  2455 | D:3      | Gained mutation: You are resistant to electric shocks.
                  | (rElec) [Black Draconian growth]
  2802 | D:4      | Found a radiant altar of Vehumet.
  2822 | D:4      | Found a sparkling altar of Nemelex Xobeh.
  3047 | D:4      | Reached skill level 5 in Fighting
  3055 | D:4      | Noticed Duvessa
  3060 | D:4      | Noticed Dowan
  3073 | D:4      | Killed Duvessa
  3073 | D:4      | Reached skill level 6 in Short Blades
  3073 | D:4      | Reached skill level 5 in Dodging
  3078 | D:4      | Killed Dowan
  3925 | D:4      | Found a basalt altar of Yredelemnul.
  3925 | D:4      | Found an ornate altar of the Wu Jian Council.
  3929 | D:4      | Found a white marble altar of Elyvilon.
  4054 | D:5      | Entered Level 5 of the Dungeon
  4063 | D:5      | Reached XP level 8. HP: 69/69 MP: 8/8
  4083 | D:5      | Noticed a troll
  4095 | D:5      | HP: 2/103 [troll (9)]
  4097 | D:5      | Mangled by a troll

Illustrated notes

Levels and vault maps discovered:
D:1:      dpeg_arrival_stone_temple_mockup, layout_rooms, fountainhead,
          minmay_misc_feat_ornament
D:2:      layout_rooms, uniq_robin, uniq_crazy_yiuf_cottage
D:3:      layout_rooms, grunt_temple_overflow_diamond, gammafunk_ghost_arena
D:4:      layout_loops_corners, nicolae_overflow_hidden_temple, uniq_duvessa
D:5:      layout_loops_cross, uniq_prince_ribbit1

Skill      XL: |  1  2  3  4  5  6  7 |
---------------+----------------------+-----
Dodging        | 3 4 5 |  5.8
Fighting       | 4 5 |  5.5
Stealth        | 1 2 |  2.1
Short Blades   | 4 5 6 |  6.2

Action                   |  1- 3 |  4- 6 |  7- 9 || total
-------------------------+-------+-------+-------++-------
Melee: Short sword       |   107 |   156 |   136 ||   399
       Tailslap          |    15 |    18 |    18 ||    51
Throw: Throwing net      |       |       |     1 ||     1
Invok: Berserk           |     1 |     4 |     2 ||     7
 Abil: Breathe Lightning |       |       |     2 ||     2
  Use: Scroll            |       |     1 |       ||     1
       Potion            |       |       |     6 ||     6
 Stab: Sleeping          |     2 |     2 |       ||     4
       Held in net/web   |       |       |     1 ||     1
Armor: Skin              |    39 |    41 |    27 ||   107
Dodge: Dodged            |    68 |   135 |    79 ||   282

Table legend: (Time is in decaauts)
 A = Elapsed time spent in this place.
 B = Non-inter-level travel time spent in this place.
 C = Inter-level travel time spent in this place.
 D = Time resting spent in this place.
 E = Time spent auto-exploring this place.
 F = Levels seen in this place.
 G = Mean time per level.
                   A        B        C        D        E       F      G
               +--------+--------+--------+--------+--------+-----+--------+
         Total |   4085 |   4065 |     20 |   1154 |   1235 |   5 |  817.0 |
       Dungeon |   4085 |   4065 |     20 |   1154 |   1235 |   5 |  817.0 |
               +--------+--------+--------+--------+--------+-----+--------+

Top non-repeatable levels by time:
     D:4: 1239 daAuts
     D:2: 1007 daAuts
     D:3: 1005 daAuts
     D:1: 797 daAuts
     D:5: 36 daAuts
